 Dungeon Crawl Stone Soup version 0.26-a0-612-gd4d190f45e (webtiles) character file.

Game seed: 6032286215397611482

260 Gottschkopf the Insei (level 5, -9/40 HPs)
             Began as a Draconian Transmuter on Sept 10, 2020.
             Was a Follower of Dithmenos.
             Killed by nerve-wracking pain
             ... invoked by Grinder
              (12 damage)
             ... on level 3 of the Dungeon.
             The game lasted 00:09:03 (3851 turns).

Gottschkopf the Insei (Draconian Transmuter)        Turns: 3851, Time: 00:09:04

Health: -9/40      AC:  2    Str: 12    XL:     5   Next: 95%
Magic:  6/8        EV: 19    Int: 14    God:    Dithmenos [*.....]
Gold:   161        SH:  0    Dex: 17    Spells: 2/8 levels left

rFire    . . .     SeeInvis .     - Unarmed
rCold    . . .     Faith    .   (shield currently unavailable)
rNeg     . . .     Spirit   .   (armour unavailable)
rPois    x         Reflect  .   (helmet currently unavailable)
rElec    .         Harm     .   (cloak currently unavailable)
rCorr    .                      (gloves currently unavailable)
MR       .....                  (boots currently unavailable)
Stlth    ++........             (no amulet)
HPRegen  0.13/turn              (no ring)
MPRegen  0.11/turn              (no ring)

@: spider-form (expiring), wreathed by umbra
A: tiny, unfitting armour, AC +5
a: End Transformation, Renounce Religion


You were on level 3 of the Dungeon.
You worshipped Dithmenos.
Dithmenos was aware of your devotion.
You were a venomous arachnid creature.
You visited 1 branch of the dungeon, and saw 3 of its levels.

You collected 161 gold pieces.

Inventory:

Jewellery
 c - a +6 ring of dexterity {unknown}
 h - an uncursed ring of fire {unknown}
 r - a cursed -4 ring of intelligence {unknown}
Scrolls
 a - 4 scrolls of enchant armour {unknown}
 b - 4 scrolls of remove curse {unknown}
 d - 2 scrolls of teleportation {unknown}
 e - a scroll of magic mapping {unknown}
 f - 3 scrolls of amnesia {unknown}
 g - 5 scrolls of identify {unknown}
 i - 2 scrolls of blinking {unknown}
 j - a scroll of immolation {unknown}
 m - 2 scrolls of enchant weapon {unknown}
Potions
 k - 3 potions of heal wounds {unknown}
 l - a potion of brilliance {unknown}
 n - 2 potions of might {unknown}
 o - a potion of mutation {unknown}
 p - a potion of invisibility {unknown}
 q - a potion of curing {unknown}


   Skills:
 - Level 1.1 Fighting
 - Level 1.7 Dodging
 - Level 4.7 Unarmed Combat
 - Level 2.0 Spellcasting
 * Level 4.7 Transmutations
 + Level 1.4 Poison Magic


You had 2 spell levels left.
You knew the following spells:

 Your Spells              Type           Power        Failure   Level
a - Beastly Appendage     Tmut           ##....       11%         1
b - Wereblood             Tmut           ##......     14%         2
c - Spider Form           Tmut/Pois      ##........   41%         3

Your spell library contained the following spells:

 Spells                   Type           Power        Failure   Level
 Confusing Touch          Hex            #.......     77%         3
 Gell's Gravitas          Tloc           #.........   77%         3
 Ice Form                 Ice/Tmut       #.......     83%         4
 Petrify                  Tmut/Erth      #.......     83%         4
 Blade Hands              Tmut           ##........   85%         5
 Yara's Violent Unravell  Hex/Tmut       #.........   98%         5
 Metabolic Englaciation   Hex/Ice        #.........   100%        5


Dungeon Overview and Level Annotations

Branches:
Dungeon (3/15)

Altars:
Dithmenos
Yredelemnul

Annotations:
D:3 Grinder


Innate Abilities, Weirdness & Mutations

((Your plain brown scales are hard. (AC +5)))
You cannot fit into any form of body armour.
((You are cold-blooded and may be slowed by cold attacks.))


Message History

Grinder is lightly wounded.
Grinder hits you!
You hit Grinder.
Grinder is moderately wounded.
Grinder misses you.
You bite Grinder!
Grinder is heavily wounded.
Grinder hits you!
You hit Grinder.
Grinder is heavily wounded.
You bite Grinder!
Grinder is poisoned.
Grinder is severely wounded.
Grinder gestures at you. Pain shoots through your body!
* * * LOW HITPOINT WARNING * * *
You barely miss Grinder.
Grinder is severely wounded.
Grinder gestures at you. Pain shoots through your body!
You die...

#####
#..........#######
..#
#................#
#.#
#.##############.#
####.###.## #.#
#.........# #.#
#.##.###..###########
#.. #.##.#
#............# #..
#.##.#
#.##########.###.#
#.##.# #s# #..##.#
#.##.# #5# ##.#.#.#
##.##.# #.# #.###...
#.....# #.# ##.#.#..
#..#### #.# #..##..
###..## #.. ####
#..#### #.....# ###
###.⌠♣######.⌠
#..>..#
#.....8.##..._
#.....#
#♣...P8.##.8..


You could see Grinder (very poisoned).

Vanquished Creatures
  3 orc priests (D:3)
  An orc wizard (D:3)
  Natasha (D:3)
  5 adders
  An ooze (D:1)
  2 worms (D:2)
  4 dart slugs
  A leopard gecko (D:1)
  6 orcs (D:3)
  A ball python (D:2)
  3 giant cockroaches
  3 goblins
  6 hobgoblins
  4 kobolds
  2 quokkas
  4 bats
  5 frilled lizards
  5 rats
  A spectral orc (D:2)
58 creatures vanquished.

Notes
Turn   | Place    | Note
-------+----------+-------------------------------------------
     0 | D:1      | Gottschkopf the Draconian Transmuter began the quest for
                  | the Orb.
     0 | D:1      | Reached XP level 1. HP: 16/16 MP: 3/3
   260 | D:1      | Reached XP level 2. HP: 23/23 MP: 3/5
  1009 | D:1      | Reached XP level 3. HP: 28/28 MP: 4/6
  1356 | D:2      | Learned a level 2 spell: Wereblood
  1626 | D:2      | Learned a level 3 spell: Spider Form
  2246 | D:2      | Reached XP level 4. HP: 29/35 MP: 7/7
  2469 | D:2      | Found a basalt altar of Yredelemnul.
  2539 | D:3      | Found a faded altar of an unknown god.
  2544 | D:3      | Became a worshipper of Dithmenos the Shadowed
  2544 | D:3      | Reached * piety under Dithmenos
  2892 | D:3      | Noticed Natasha
  2905 | D:3      | Killed Natasha
  2905 | D:3      | Reached XP level 5. HP: 18/40 MP: 8/8
  3091 | D:3      | Reached skill level 1 in Poison Magic
  3839 | D:3      | Noticed Grinder
  3851 | D:3      | Killed from afar by Grinder

Illustrated notes

Levels and vault maps discovered:
D:1:      lemuel_arrival_lava_pool, layout_basic
D:2:      layout_basic, yredelemnul_forgotten_temple_becter,
          chequers_mini_garden, glass_columns_c, minmay_quadrilaterals
D:3:      layout_loops_ring, chequers_ecumenical_altar_lobes, minivault_23,
          minmay_puff, uniq_natasha, uniq_grinder

Skill      XL: |  1  2  3  4  5 |
---------------+----------------+-----
Unarmed Combat | 4 |  4.7
Transmutations | 4 |  4.7
Poison Magic   | 1 |  1.4
Fighting       | |  1.1
Dodging        | |  1.7
Spellcasting   | |  2.0

Action                   |  1- 3 |  4- 6 || total
-------------------------+-------+-------++-------
Melee: Unarmed           |   106 |    91 ||   197
       Headbutt          |    13 |     6 ||    19
       Kick              |    10 |    15 ||    25
       Tailslap          |     9 |     8 ||    17
       Punch             |     1 |     1 ||     2
 Cast: Beastly Appendage |    29 |    17 ||    46
       Wereblood         |     1 |     5 ||     6
       Spider Form       |       |     2 ||     2
  Use: Potion            |     2 |       ||     2
 Stab: Sleeping          |     1 |       ||     1
Armor: Skin              |    41 |    18 ||    59
Dodge: Dodged            |    80 |    44 ||   124

Table legend: (Time is in decaauts)
 A = Elapsed time spent in this place.
 B = Non-inter-level travel time spent in this place.
 C = Inter-level travel time spent in this place.
 D = Time resting spent in this place.
 E = Time spent auto-exploring this place.
 F = Levels seen in this place.
 G = Mean time per level.
                   A        B        C        D        E       F      G
               +--------+--------+--------+--------+--------+-----+--------+
         Total |   3843 |   3694 |    149 |    293 |   2872 |   3 | 1281.0 |
       Dungeon |   3843 |   3694 |    149 |    293 |   2872 |   3 | 1281.0 |
               +--------+--------+--------+--------+--------+-----+--------+

Top non-repeatable levels by time:
     D:3: 1345 daAuts
     D:1: 1292 daAuts
     D:2: 1205 daAuts
